 Dungeon Crawl Stone Soup version 0.28.0-1-gb440e238dd (webtiles) character file.

Game seed: 2354323204001705641

451 H0rd4k the Magician (level 6, -10/32 HPs)
             Began as a Deep Elf Hedge Wizard on Feb 21, 2022.
             Mangled by a troll (12 damage)
             ... on level 5 of the Dungeon.
             The game lasted 00:05:02 (5049 turns).

H0rd4k the Magician (Deep Elf Hedge Wizard)         Turns: 5049, Time: 00:05:03

Health: -10/32     AC:  2    Str:  7    XL:     6   Next: 75%
Magic:  11/18      EV: 13    Int: 21    God:
Gold:   230        SH:  0    Dex: 14    Spells: 11/20 levels left

rFire   . . .      SeeInvis .   h - +3 dagger (venom)
rCold   . . .      Faith    .   (no shield)
rNeg    . . .      Spirit   .   b - +0 robe
rPois   .          Reflect  .   c - +0 hat
rElec   .          Harm     .   (no cloak)
rCorr   .          Rampage  .   (no gloves)
Will    .....                   (no boots)
Stlth   ++........              (no amulet)
HPRegen 0.10/turn               (no ring)
MPRegen 0.16/turn               (no ring)

@: no status effects
A: no striking features
a: no special abilities


You were on level 5 of the Dungeon.
You visited 1 branch of the dungeon, and saw 5 of its levels.

You collected 230 gold pieces.

Inventory:

Hand Weapons
 h - a +3 dagger of venom (weapon)
Armour
 b - a +0 robe (worn)
 c - a +0 hat (worn)
Scrolls
 a - a scroll of blinking
 d - a scroll of brand weapon {unknown}
 e - 2 scrolls of enchant weapon {unknown}
 g - 6 scrolls of identify {unknown}
 i - 4 scrolls of teleportation {unknown}
 j - a scroll of magic mapping {unknown}
 k - a scroll of fear {unknown}
 l - a scroll of amnesia {unknown}
 n - a scroll of vulnerability {unknown}
Potions
 f - 3 potions of heal wounds {unknown}
 m - 2 potions of degeneration {unknown}


   Skills:
 + Level 3.1 Dodging
 - Level 2.4 Stealth
 + Level 7.8 Spellcasting
 + Level 3.8 Conjurations
 + Level 1.1 Summonings
 + Level 1.1 Translocations
 - Level 2.0 Fire Magic
 - Level 1.5 Air Magic
 - Level 1.2 Poison Magic


You had 11 spell levels left.
You knew the following spells:

 Your Spells              Type           Power      Damage    Failure   Level
a - Magic Dart            Conj           96%        1d7       1%          1
b - Blink                 Tloc           24%        N/A       8%          2
c - Conjure Flame         Conj/Fire      20%        6-21      8%          3
d - Mephitic Cloud        Conj/Pois/Air  17%        N/A       10%         3

Your spell library contained the following spells:

 Spells                   Type           Power      Damage    Failure   Level
 Call Imp                 Summ           12%        N/A       8%          2
 Slow                     Hex            32%        N/A       9%          1
 Ignite Poison            Fire/Tmut/Pois 12%        N/A       16%         3
 Sticky Flame             Conj/Fire      20%        2d4       24%         4


Dungeon Overview and Level Annotations

Branches:
Dungeon (5/15)
 Temple: D:4-7

Altars:
Fedhas
Qazlal
Sif Muna
Uskayaw
Xom
Zin


Message History

The magic dart hits the iguana.
The iguana is almost dead.
The magic dart hits the iguana but does no damage.
The iguana is almost dead.
The magic dart hits the iguana.
You kill the iguana!
Magic restored.
You see here an iguana corpse.
Found a shiny scale mail.
You open the door.
Found a dagger.
There is an open door here.
Found a stone staircase leading up.
A troll is nearby!
There is an open door here.
Casting: Magic Dart (safe; 1% risk of failure)
Confirm with . or Enter, or press ? or * to list all spells.
You blink.
Casting: Blink (safe; 8% risk of failure)
Confirm with . or Enter, or press ? or * to list all spells.
The spell is quite dangerous to miscast (8% risk of failure)!
Continue anyway?
The fire begins to smoulder!
The fire ignites!
The magic dart hits the troll.
The troll is lightly wounded.
Casting: Magic Dart (safe; 1% risk of failure)
Confirm with . or Enter, or press ? or * to list all spells.
Aiming: Magic Dart (safe; 1% risk of failure)
Press: ? - help, Shift-Dir - straight line, f/p - troll
Aim: a troll (flame, lightly wounded, 100% to hit)
The magic dart hits the troll.
The troll is lightly wounded.
You feel stable enough to blink again.
The troll is engulfed in blazing flames.
The troll bites you!!
Ouch! That really hurt!
The troll claws you!
* * * LOW HITPOINT WARNING * * *
The troll claws you!
You die...

#.# #.###.....######
######.######.# #.....#
#.............# #.....#
#.####.##########.....#
.#.####.#<...#.........#
....[...[.............##
##.###..####.#.##.....#
.#.###..####.#.##..########
...............@T..........
.#.###..######.###.########
#..# #. #.#
#..######.###T###
#.........#.....#
#.#########.....# #.#
#........# #.# #.#.###.##
#.######.#.# #..#


You could see a troll.

Vanquished Creatures
  Sigmund (D:2)
  A jelly (D:4)
  Terence (D:2)
  An orc wizard (D:4)
  An iguana (D:5)
  Robin (D:2)
  4 adders
  4 gnolls (D:3)
  A shadow imp (D:3)
  An adder skeleton (D:4)
  A worm (D:3)
  2 dart slugs
  7 orcs
  6 endoplasms
  2 giant cockroaches
  15 goblins
  7 hobgoblins
  2 quokkas
  3 ball pythons
  7 bats
  A frilled lizard (D:1)
  9 kobolds
  9 rats
87 creatures vanquished.

Vanquished Creatures (others)
  A plant (D:1)
1 creature vanquished.

Grand Total: 88 creatures vanquished

Notes
Turn   | Place    | Note
-------+----------+-------------------------------------------
     0 | D:1      | H0rd4k the Deep Elf Hedge Wizard began the quest for the
                  | Orb.
     0 | D:1      | Reached XP level 1. HP: 10/10 MP: 7/7
   457 | D:1      | Reached skill level 5 in Spellcasting
   457 | D:1      | Reached XP level 2. HP: 15/15 MP: 0/10
  1324 | D:1      | Found a faded altar of an unknown god.
  1554 | D:2      | Reached XP level 3. HP: 19/19 MP: 9/12
  1557 | D:2      | Learned a level 2 spell: Blink
  1561 | D:2      | Learned a level 3 spell: Conjure Flame
  1565 | D:2      | Learned a level 3 spell: Mephitic Cloud
  1615 | D:2      | Noticed Terence
  1626 | D:2      | Killed Terence
  1690 | D:2      | Noticed Sigmund
  1746 | D:2      | You fall into a shaft and drop 2 floors!
  1747 | D:4      | Found a stormy altar of Qazlal.
  1949 | D:3      | Found a glowing silver altar of Zin.
  1961 | D:3      | Reached skill level 1 in Poison Magic
  1961 | D:3      | Reached XP level 4. HP: 24/24 MP: 7/13
  2122 | D:3      | Found a shimmering altar of Xom.
  2123 | D:3      | Found a blossoming altar of Fedhas.
  2174 | D:3      | Reached skill level 1 in Air Magic
  2392 | D:3      | Reached skill level 6 in Spellcasting
  2929 | D:3      | Reached XP level 5. HP: 28/28 MP: 11/15
  3143 | D:2      | Noticed Robin
  3271 | D:2      | Killed Sigmund
  3272 | D:2      | Reached skill level 7 in Spellcasting
  3272 | D:2      | Reached skill level 1 in Fire Magic
  3272 | D:2      | Reached XP level 6. HP: 24/32 MP: 0/18
  3940 | D:4      | Found a hide-covered altar of Uskayaw.
  4381 | D:2      | Killed Robin
  4610 | D:2      | Found a shimmering blue altar of Sif Muna.
  4839 | D:5      | Entered Level 5 of the Dungeon
  4880 | D:5      | Noticed a troll
  5049 | D:5      | Mangled by a troll

Illustrated notes

Levels and vault maps discovered:
D:1:      minmay_arrival_up_and_down, layout_basic, serial_forest,
          infiniplex_forest_clump_medium, infiniplex_forest_corner_1,
          infiniplex_forest_corner_2, infiniplex_forest_clump_C,
          infiniplex_forest_straight_2, infiniplex_forest_clump_double,
          shapermc_ecumenical_altar_hornbeckon, hangedman_decor_opposing,
          minivault_26, roderic_lattice_a, chequers_serial_rivers_micro_c
D:2:      layout_basic, basic_altar, uniq_robin, uniq_terence, uniq_sigmund
D:3:      minmay_angry_zag, layout_loops_ring,
          chequers_temple_overflow_statue_of_worship
D:4:      layout_loops_cross, nicolae_overflow_hidden_temple,
          nicolae_qazlal_general_emergency
D:5:      layout_basic, amethyst_overflow_temple_binary, general_overflow_altar,
          grunt_ministairs_1, chequers_avenue, uniq_eustachio, uniq_edmund,
          uniq_ijyb

Skill      XL: |  1  2  3  4  5  6 |
---------------+-------------------+-----
Spellcasting   | 5 6 7 |  7.8
Poison Magic   | 1 |  1.2
Air Magic      | 1 |  1.5
Conjurations   | 2 3 |  3.8
Dodging        | 3 |  3.1
Fire Magic     | 1 2 |  2.0
Stealth        | |  2.4
Summonings     | |  1.1
Translocations | |  1.1

Action                   |  1- 3 |  4- 6 || total
-------------------------+-------+-------++-------
 Cast: Magic Dart        |    78 |   152 ||   230
       Conjure Flame     |     1 |     5 ||     6
       Mephitic Cloud    |     1 |     2 ||     3
       Blink             |       |     1 ||     1
  Use: Scroll            |       |     1 ||     1
Armor: Robe              |     1 |       ||     1
Dodge: Dodged            |     8 |    17 ||    25
